 Dungeon Crawl Stone Soup version 0.28.0-53-g5a82cb258f (webtiles) character file.

Game seed: 17414583198822725891

58 DocClef the Chopper (level 3, -3/27 HPs)
             Began as a Demonspawn Gladiator on July 6, 2022.
             Slain by Terence
             ... wielding a +0 falchion
              (6 damage)
             ... on level 2 of the Dungeon.
             The game lasted 00:01:24 (1962 turns).

DocClef the Chopper (Demonspawn Gladiator)          Turns: 1962, Time: 00:01:25

Health: -3/27      AC: 10    Str: 16    XL:     3   Next: 75%
Magic:  3/3        EV: 12    Int:  9    God:
Gold:   38         SH:  0    Dex: 14    Spells: 2/2 levels left

rFire   . . .      SeeInvis .   a - +0 war axe
rCold   . . .      Faith    .   (no shield)
rNeg    . . .      Spirit   .   b - +0 leather armour
rPois   .          Reflect  .   c - +0 helmet
rElec   .          Harm     .   (no cloak)
rCorr   .          Rampage  .   (no gloves)
Will    .....                   (no boots)
Stlth   +.........              (no amulet)
HPRegen 0.09/turn               (no ring)
MPRegen 0.08/turn               (no ring)

@: brilliant, sanguine armoured
A: sanguine armour 1
a: no special abilities


You were on level 2 of the Dungeon.
You visited 1 branch of the dungeon, and saw 2 of its levels.

You collected 38 gold pieces.

Inventory:

Hand Weapons
 a - a +0 war axe (weapon)
Missiles
 d - 3 throwing nets (quivered)
Armour
 b - a +0 leather armour (worn)
 c - a +0 helmet (worn)
Scrolls
 e - a scroll of noise {unknown}
 f - a scroll of identify {unknown}


   Skills:
 - Level 2.0 Fighting
 + Level 4.3 Axes
 - Level 1.7 Throwing
 - Level 2.6 Dodging


You had 2 spell levels left.
You didn't know any spells.
Your spell library was empty.

Dungeon Overview and Level Annotations

Branches:
Dungeon (2/15)

Altars:

Shops:
D:1 :!?:[

Annotations:
D:2 Terence


Innate Abilities, Weirdness & Mutations

When seriously injured, your blood forms armour. (AC +6)


Message History

You are too injured to fight recklessly!
You slash Terence!
Terence is heavily wounded.
Terence hits you but does no damage. Terence hits you with a +0 falchion.
A kobold comes into view. It is wielding a +0 whip.
Unknown command.
A giant cockroach comes into view.
You barely miss Terence.
Terence is heavily wounded.
Terence hits you with a +0 falchion.
* * * LOW HITPOINT WARNING * * *
You slash Terence!
Terence is severely wounded.
Terence drinks a potion.
Terence is healed!
It was a potion of brilliance.
You feel clever all of a sudden. Terence misses you.
You barely miss Terence.
Terence is heavily wounded.
Terence hits you but does no damage. x2
You hit Terence but do no damage.
Terence is heavily wounded.
Terence hits you with a +0 falchion.
* * * LOW HITPOINT WARNING * * *
You hit Terence.
Terence is heavily wounded.
Terence closely misses you.
You closely miss Terence.
Terence is heavily wounded.
Terence bares his teeth.
Terence hits you with a +0 falchion.
* * * LOW HITPOINT WARNING * * *
Terence closely misses you.
You hit Terence but do no damage.
Terence is heavily wounded.
Terence closely misses you.
You hit Terence but do no damage.
Terence is heavily wounded.
Terence hits you with a +0 falchion.
You die...

#.## #... ###. #. #. #. #.
############################.
........SgS@@.†.....>........
..######K####################
#.# #g# #.# #K# #.# #B.


You could see Terence, a hobgoblin, 2 ball pythons and a kobold.

Vanquished Creatures
  3 adders (D:2)
  3 dart slugs (D:1)
  An endoplasm (D:1)
  2 giant cockroaches (D:1)
  3 goblins
  A hobgoblin (D:1)
  3 kobolds (D:1)
  A quokka (D:1)
  3 ball pythons (D:1)
  2 bats (D:1)
  3 frilled lizards (D:1)
  3 rats (D:1)
28 creatures vanquished.

Notes
Turn   | Place    | Note
-------+----------+-------------------------------------------
     0 | D:1      | DocClef the Demonspawn Gladiator began the quest for the
                  | Orb.
     0 | D:1      | Reached XP level 1. HP: 16/16 MP: 1/1
    96 | D:1      | Reached skill level 3 in Axes
   263 | D:1      | Found Qoret's Antique Armour Shop.
   462 | D:1      | Gained mutation: When seriously injured, your blood forms
                  | armour. (AC +6) [demonic ancestry]
   462 | D:1      | Reached XP level 2. HP: 18/22 MP: 2/2
   778 | D:1      | Found Uneer's Book Shoppe.
   795 | D:1      | Found Qaromp's Magic Scroll Boutique.
  1297 | D:1      | Found Abott's Book Shop.
  1298 | D:1      | Found Loxtis's Distillery.
  1451 | D:1      | Reached XP level 3. HP: 22/27 MP: 3/3
  1564 | D:2      | Found a faded altar of an unknown god.
  1569 | D:2      | Reached skill level 4 in Axes
  1935 | D:2      | Noticed Terence
  1962 | D:2      | Slain by Terence

Illustrated notes

Levels and vault maps discovered:
D:1:      nicolae_arrival_somewhat_less_tricky_arrival, layout_loops_corners,
          serial_shops, shop, nicolae_shop_trees, nicolae_shop_advertising_works
          [nicolae_subvault_shop_adworks], shop, nicolae_shop_trees
D:2:      layout_basic, nicolae_ecumenical_oubliette, minmay_pentomino_r4,
          uniq_terence

Skill      XL: |  1  2  3 |
---------------+----------+-----
Axes           | 3 4 |  4.3
Fighting       | |  2.0
Throwing       | |  1.7
Dodging        | |  2.6

Action                   || total
-------------------------++-------
Melee: War axe           ||   110
       Punch             ||     1
  Use: Potion            ||     1
Armor: Leather armour    ||    44
Dodge: Dodged            ||    90
